 Dungeon Crawl Stone Soup version 0.27.1-33-g824d729ab1 (webtiles) character file.

Game seed: 4870491082048273582

247 vvl the Magician (level 5, -1/48 HPs)
             Began as a Troll Hedge Wizard on Dec 10, 2021.
             Slain by a mummy (14 damage)
             ... in an ossuary.
             The game lasted 00:07:12 (2267 turns).

vvl the Magician (Troll Hedge Wizard)               Turns: 2267, Time: 00:07:13

Health: -1/48      AC:  4    Str: 18    XL:     5   Next: 85%
Magic:  7/8        EV:  9    Int: 11    God:
Gold:   286        SH:  0    Dex:  9    Spells: 8/9 levels left

rFire    . . .     SeeInvis .     - Unarmed
rCold    . . .     Faith    .   (no shield)
rNeg     . . .     Spirit   .   b - +0 robe
rPois    .         Reflect  .   c - +0 hat
rElec    .         Harm     .   (no cloak)
rCorr    .         Rampage  .   (gloves unavailable)
Will     .....                  (boots unavailable)
Stlth    +.........             (no amulet)
HPRegen  1.16/turn              (no ring)
MPRegen  0.11/turn              (no ring)

@: marked
A: large, unfitting armour, claws 3, regeneration 1, shaggy fur 1, tough skin 1
a: no special abilities


You were in an ossuary.
You visited 1 branch of the dungeon, and saw 4 of its levels.
You also visited: Ossuary.

You collected 286 gold pieces.

Inventory:

Missiles
 g - a throwing net
Armour
 b - a +0 robe (worn)
 c - a +0 hat (worn)
Magical Staves
 j - a staff of poison
Wands
 p - a wand of iceblast (4)
Scrolls
 a - a scroll of enchant weapon {unknown}
 d - a scroll of vulnerability {unknown}
 i - a scroll of teleportation {unknown}
 k - a scroll of identify {unknown}
 o - a scroll of fear {unknown}
Potions
 e - a potion of degeneration
 f - a potion of berserk rage {unknown}
 h - a potion of brilliance {unknown}
 l - a potion of lignification {unknown}
 m - a potion of might {unknown}
 n - a potion of cancellation {unknown}
 q - a potion of flight {unknown}


   Skills:
 + Level 1.4 Fighting
 - Level 0.5 Armour
 - Level 1.6 Dodging
 - Level 1.0 Stealth
 + Level 2.1 Unarmed Combat
 + Level 2.7 Spellcasting
 - Level 0.6 Conjurations
 - Level 0.6 Summonings
 * Level 2.2 Necromancy
 - Level 0.6 Translocations
 + Level 1.3 Earth Magic


You had 8 spell levels left.
You knew the following spells:

 Your Spells              Type           Power      Damage    Failure   Level
a - Magic Dart            Conj           8%         1d3       22%         1

Your spell library contained the following spells:

 Spells                   Type           Power      Damage    Failure   Level
 Shock                    Conj/Air       8%         1d3       24%         1
 Blink                    Tloc           N/A        N/A       32%         2
 Call Imp                 Summ           2%         N/A       32%         2
 Slow                     Hex            1%         N/A       38%         2
 Conjure Flame            Conj/Fire      2%         6-21      58%         3
 Mephitic Cloud           Conj/Pois/Air  1%         N/A       58%         3


Dungeon Overview and Level Annotations

Branches:
Dungeon (4/15)            Ossuary (1/1)
 Temple: D:4-7

Altars:


Innate Abilities, Weirdness & Mutations

You are too large for most types of armour.
You have claws for hands.
Your natural rate of healing is unusually fast.
You are covered in fur. (AC +1)
You have tough skin. (AC +1)


Message History

The mummy hits you.
* * * LOW HITPOINT WARNING * * *
You see here a potion of mutation.
Aiming: Iceblast
Press: ? - help, Shift-Dir - straight line, f - mummy
Aim: a mummy (severely damaged)
The mass of ice explodes!
The iceblast engulfs the mummy!
The mummy partially resists.
You destroy the mummy!
The iceblast engulfs the mummy!
The mummy partially resists.
You destroy the mummy!
The iceblast engulfs the mummy!
The mummy partially resists.
The mummy is heavily damaged.
Aiming: Iceblast
Press: ? - help, Shift-Dir - straight line, f - mummy
Aim: a mummy (heavily damaged)
The mass of ice explodes!
The iceblast engulfs the mummy!
The mummy partially resists.
You destroy the mummy!
The iceblast engulfs the hobgoblin zombie.
The hobgoblin zombie partially resists.
The hobgoblin zombie is severely damaged.
Aiming: Iceblast
Press: ? - help, Shift-Dir - straight line, f - mummy
Aim: a mummy The mass of ice explodes!
The iceblast engulfs the mummy!
The mummy partially resists.
The mummy is severely damaged.
The iceblast engulfs the kobold zombie!
The kobold zombie partially resists.
The kobold zombie is almost destroyed.
The iceblast engulfs the hobgoblin zombie!
The hobgoblin zombie partially resists.
You destroy the hobgoblin zombie!
You see here a potion of mutation.
You barely miss the mummy.
The mummy is severely damaged.
You scratch the mummy.
The mummy is almost destroyed.
The mummy hits you!
You die...

##.......###..#
#.........#...+
+....⌠....'...##
#.........#...'
##.......###..##
##.....## ##.'
###'### #Z# #.#
##M## ##.##
#!!@# #.∩.#
#.?.# #.∩.#
##### #####


You could see a mummy and a kobold zombie.

Vanquished Creatures
  Terence (D:3)
  Natasha (twice) (D:3)
  5 mummies (Ossuary)
  A gnoll (D:1)
  3 adders
  2 worms
  2 dart slugs (D:1)
  2 orcs (D:4)
  7 ball pythons
  4 bats
  5 endoplasms
  4 giant cockroaches
  6 goblins
  4 hobgoblins
  2 quokkas (D:1)
  4 frilled lizards
  A hobgoblin zombie (Ossuary)
  6 kobolds
  11 rats
72 creatures vanquished.

Notes
Turn   | Place    | Note
-------+----------+-------------------------------------------
     0 | D:1      | vvl the Troll Hedge Wizard began the quest for the Orb.
     0 | D:1      | Reached XP level 1. HP: 16/16 MP: 2/2
    19 | D:1      | Reached XP level 2. HP: 23/24 MP: 4/4
   187 | D:1      | Reached XP level 3. HP: 23/31 MP: 5/5
   621 | D:1      | Reached skill level 1 in Unarmed Combat
   831 | D:2      | Reached skill level 1 in Necromancy
  1379 | D:3      | Reached XP level 4. HP: 36/40 MP: 6/6
  1391 | D:3      | Noticed Terence
  1402 | D:3      | Killed Terence
  1480 | D:3      | Found a faded altar of an unknown god.
  1500 | D:3      | Got Plato's Volume of Conjuration and Weightlessness
  1717 | D:3      | Noticed Natasha
  1722 | D:3      | Killed Natasha
  1723 | D:3      | Reached skill level 1 in Fighting
  1723 | D:3      | Reached XP level 5. HP: 46/48 MP: 7/7
  1751 | D:3      | Noticed Natasha
  1765 | D:3      | Killed Natasha
  1766 | D:3      | Reached skill level 1 in Earth Magic
  2179 | D:4      | Found a sand-covered staircase.
  2206 | Ossuary  | Entered an ossuary
  2267 | Ossuary  | Slain by a mummy

Illustrated notes

Levels and vault maps discovered:
D:1:      minmay_arrival_solitary_statue, layout_basic, minmay_tromino_v4_a
D:2:      layout_loops_cross
D:3:      minmay_evil_eye, layout_rooms, shapermc_ecumenical_altar_rom_forum,
          uniq_natasha, uniq_terence
D:4:      layout_loops_ring, nicolae_ossuary_entry_monument, grunt_ministairs_14
Ossuary:  ossuary_crypta

Skill      XL: |  1  2  3  4  5 |
---------------+----------------+-----
Unarmed Combat | 1 2 |  2.1
Necromancy     | 1 2 |  2.2
Fighting       | 1 |  1.4
Earth Magic    | 1 |  1.3
Armour         | |  0.5
Dodging        | |  1.6
Stealth        | |  1.0
Spellcasting   | |  2.7
Conjurations   | |  0.6
Summonings     | |  0.6
Translocations | |  0.6

Action                   |  1- 3 |  4- 6 || total
-------------------------+-------+-------++-------
Melee: Unarmed           |   125 |   118 ||   243
Evoke: Wand              |       |     3 ||     3
 Stab: Sleeping          |     4 |     1 ||     5
Armor: Robe              |    59 |    27 ||    86
Dodge: Dodged            |    63 |    47 ||   110
